 Dungeon Crawl Stone Soup version 0.17.1-3-g152610e (webtiles) character file.

182 MrTails the Skirmisher (level 5, -7/33 HPs)
             Began as a Gargoyle Fighter on Feb 24, 2016.
             Was an Initiate of Okawaru.
             Killed by nerve-wracking pain
             ... invoked by Grinder
              (10 damage)
             ... on level 3 of the Dungeon.
             The game lasted 00:05:04 (2486 turns).

MrTails the Skirmisher (Gargoyle Fighter)           Turns: 2486, Time: 00:05:05

Health: -7/33      AC: 13    Str: 20    XL:     5   Next: 62%
Magic:  5/5        EV:  7    Int:  9    God:    Okawaru [......]
Gold:   66         SH:  9    Dex:  9    Spells: 0 memorised, 4 levels left

rFire  . . .     SeeInvis .     a - +0 war axe
rCold  . . .     Clarity  .     b - +0 scale mail
rNeg   + . .     SustAt   .     c - +0 shield
rPois  ∞         Gourm    .     v - +0 helmet
rElec  +         Spirit   .     p - +0 cloak
rCorr  .         Warding  .     (no gloves)
rMut   .         Stasis   .     (no boots)
MR     .....                    (no amulet)
Stlth  ..........               (no ring)
                                u - ring of loudness (curse)

@: not resistant to hostile enchantments, extremely unstealthy
A: negative energy resistance 1, electricity resistance, unbreathing,
petrification resistance, rot immunity, AC +4
a: Renounce Religion


You were on level 3 of the Dungeon.
You worshipped Okawaru.
Okawaru was noncommittal.
You were near starving.

You visited 1 branch of the dungeon, and saw 3 of its levels.

You collected 66 gold pieces.

Inventory:

Hand Weapons
 a - a +0 war axe (weapon)
Armour
 b - a +0 scale mail (worn)
 c - a +0 shield (worn)
 p - a +0 cloak (worn)
 v - a +0 helmet (worn)
Jewellery
 u - a cursed ring of loudness (left hand)
Wands
 s - a wand of hasting (1)
Scrolls
 h - 2 scrolls of magic mapping {unknown}
 i - a scroll of recharging {unknown}
 k - a scroll of enchant weapon {unknown}
 l - 2 scrolls of identify {unknown}
 n - a scroll of amnesia {unknown}
 q - a scroll of random uselessness {unknown}
 w - 3 scrolls of fear {unknown}
Potions
 d - a potion of might
 g - a potion of curing {unknown}
 j - a potion of degeneration {unknown}
 m - 2 potions of magic {unknown}
 t - a potion of agility {unknown}
 x - a potion of flight {unknown}
Books
 r - an Akashic Record

   Spells                             Type                      Level
   a - Dispersal                      Translocation                6
   b - Malign Gateway                 Summoning/Translocation      7
   c - Disjunction                    Translocation                8
   d - Controlled Blink               Translocation                8
Comestibles
 e - 5 bread rations
 f - 10 fruits
 o - a beef jerky


   Skills:
 + Level 4.2 Fighting
 * Level 3.5 Axes
 + Level 4.1 Armour
 + Level 4.1 Shields


You had 4 spell levels left.
You didn't know any spells.

Dungeon Overview and Level Annotations

Branches:
Dungeon (3/15)

Altars:
Okawaru
Sif Muna
Trog
Yredelemnul

Annotations:
D:3 Grinder


Innate Abilities, Weirdness & Mutations

You are resistant to torment.
Your stone body is resilient (AC +4).
You are immune to poison.
You resist negative energy.
You are resistant to electric shocks.
You can survive without breathing.
You are immune to petrification.
You are immune to rotting.


Message History

Grinder says, "Wait up."
Grinder hits you.
Unknown command.
You closely miss Grinder.
Grinder is severely wounded.
Grinder gestures at you.
You shrug off the repeated paralysis!
Grinder completely misses you.
Unknown command.
You closely miss Grinder.
Grinder is severely wounded.
Grinder gestures at you. Pain shoots through your body!
* * * LOW HITPOINT WARNING * * *
Unknown command.
Your shield and scale mail prevent you from hitting Grinder.
Grinder is heavily wounded.
Grinder hits you but does no damage. Grinder gestures at you.
Pain shoots through your body!
You die...

..... ...# $....####
#.#######
####.....########...<...##
...'.....'..............>#
##.....#####.....#....##
#####...#..........#.####
........#.....(.##.......
........#.......########.
.........((()5@.......
........<...(.!.####..
........#.......#
..#...[.#.......#
..#.....###.###.# #.....#
#..##.# ####.....####.##.#
#..............#.#
#..............#.###


You could see Grinder.

Vanquished Creatures
  5 gnolls
  Robin (D:2)
  3 adders
  6 worms
  2 giant geckos (D:2)
  2 giant cockroaches
  18 goblins
  8 hobgoblins
  6 jackals (D:2)
  11 kobolds
  3 ball pythons
  4 bats
  5 giant newts
  7 rats
  A spectral orc (D:2)
82 creatures vanquished.

Notes
Turn   | Place    | Note
--------------------------------------------------------------
     0 | D:1      | MrTails the Gargoyle Fighter began the quest for the Orb.
     0 | D:1      | Reached XP level 1. HP: 14/14 MP: 1/1
    54 | D:1      | Reached XP level 2. HP: 17/19 MP: 2/2
   393 | D:1      | Reached XP level 3. HP: 23/23 MP: 3/3
   706 | D:2      | Noticed Robin
   720 | D:2      | Killed Robin
   720 | D:2      | Reached XP level 4. HP: 26/29 MP: 4/4
   870 | D:2      | Found a deep blue altar of Sif Muna.
   870 | D:2      | Found an iron altar of Okawaru.
   968 | D:2      | Became a worshipper of Warmaster Okawaru
   994 | D:2      | Reached skill level 4 in Shields
  1092 | D:2      | Found a basalt altar of Yredelemnul.
  1287 | D:2      | Found a bloodstained altar of Trog.
  1530 | D:3      | Reached XP level 5. HP: 28/33 MP: 5/5
  1564 | D:3      | Noticed Grinder
  1564 | D:3      | Paralysed by Grinder for 4 turns
  2242 | D:3      | Paralysed by Grinder for 6 turns
  2469 | D:3      | Paralysed by Grinder for 3 turns
  2480 | D:3      | Paralysed by Grinder for 3 turns
  2486 | D:3      | Killed from afar by Grinder

Action                   |  1- 3 |  4- 6 || total
-------------------------+-------+-------++-------
Melee: War axe           |    85 |   167 ||   252
  Eat: Chunk             |       |     4 ||     4
